 Dungeon Crawl Stone Soup version 0.25.0-41-g26779e291d (webtiles) character file.

Game seed: 8782568676316217407

72 Ethylacetat the Poker (level 4, 0/30 HPs)
             Began as an Octopode Gladiator on July 10, 2020.
             Succumbed to Robin's poison
             ... while paralysed
             ... on level 2 of the Dungeon.
             The game lasted 00:01:49 (610 turns).

Ethylacetat the Poker (Octopode Gladiator)           Turns: 610, Time: 00:01:49

Health: 0/30       AC:  1    Str: 14    XL:     4   Next: 25%
Magic:  4/4        EV:  2    Int: 10    God:
Gold:   48         SH:  0    Dex: 13    Spells: 3/3 levels left

rFire    . . .     SeeInvis .   a - +0 trident
rCold    . . .     Gourm    .   (no shield)
rNeg     . . .     Faith    .   b - +0 hat
rPois    .         Spirit   .   h - amulet of regeneration
rElec    .         Reflect  .   (no ring)
rCorr    .         Harm     .   (no ring)
MR       .....                  (no ring)
Stlth    ++........             (no ring)
HPRegen  0.50/turn              (no ring)
MPRegen  0.09/turn              (no ring)
                                (no ring)
                                (no ring)

@: paralysed, lethally poisoned (0 -> -5), berserk cooldown, slowed
A: almost no armour, stealthy swim, amphibious, 8 rings, constrict 8, camouflage
1, gelatinous body 1
a: no special abilities


You were on level 2 of the Dungeon.
You were not hungry.

You visited 1 branch of the dungeon, and saw 2 of its levels.

You collected 48 gold pieces.

Inventory:

Hand Weapons
 a - a +0 trident (weapon)
Missiles
 c - 3 throwing nets (quivered)
Armour
 b - a +0 hat (worn)
Jewellery
 h - an amulet of regeneration (around mantle)
Scrolls
 e - a scroll of remove curse {unknown}
 k - a scroll of identify {unknown}
 l - a scroll of amnesia {unknown}
Potions
 g - a potion of lignification {unknown}
 i - a potion of brilliance {unknown}
Comestibles
 d - 2 rations
 j - 3 chunks of flesh


   Skills:
 + Level 2.9 Fighting
 * Level 4.4 Polearms
 - Level 2.0 Throwing
 - Level 3.0 Dodging


You had 3 spell levels left.
You didn't know any spells.
Your spell library was empty.

Dungeon Overview and Level Annotations

Branches:
Dungeon (2/15)

Altars:


Innate Abilities, Weirdness & Mutations

You cannot wear most types of armour.
You are very stealthy in the water. (Stealth+)
You are amphibious.
You can wear up to eight rings at the same time.
You can use your tentacles to constrict eight enemies at once.
Your skin changes colour to match your surroundings (Stealth+).
Your rubbery body absorbs attacks. (AC +1, EV +1)


Message History

You constrict the worm.
* * * LOW HITPOINT WARNING * * *
You feel sick. The worm barely misses you.
You puncture the worm!
You kill the worm!
* * * LOW HITPOINT WARNING * * *
You feel sick.
* * * LOW HITPOINT WARNING * * *
You feel sick.
Things that are here:
a +0 dagger of venom; a goblin corpse x2
You feel a strong urge to attack something.
* * * LOW HITPOINT WARNING * * *
You feel sick.
You are no longer berserk.
You pass out from exhaustion.
You feel yourself slow down.
* * * LOW HITPOINT WARNING * * *
You feel sick.
You die... ......# #..)..#)## .....# #.....#.># w...# #.....##.# ..g#### ########.# gg...

#.# #g.# #.# #..#
#.# #..###########
#.#
#...))).@....#####.#
#.########..(......#
#........#..########
########.#..<#
#.#.^## #.#.## #.#.#
#.#.# #.#.#


There were no monsters in sight!

Vanquished Creatures
  Robin (D:2)
  2 oozes (D:1)
  2 worms (D:2)
  A leopard gecko (D:1)
  A giant cockroach (D:1)
  12 goblins
  5 hobgoblins
  2 quokkas (D:2)
  4 bats
  2 frilled lizards
  5 kobolds
  8 rats
45 creatures vanquished.

Notes
Turn   | Place    | Note
-------+----------+-------------------------------------------
     0 | D:1      | Ethylacetat the Octopode Gladiator began the quest for the
                  | Orb.
     0 | D:1      | Reached XP level 1. HP: 14/14 MP: 1/1
    56 | D:1      | Reached XP level 2. HP: 19/19 MP: 2/2
   211 | D:1      | Reached XP level 3. HP: 23/25 MP: 3/3
   468 | D:2      | Reached skill level 4 in Polearms
   561 | D:2      | Noticed Robin
   595 | D:2      | Reached XP level 4. HP: 12/30 MP: 4/4
   603 | D:2      | Killed Robin
   608 | D:2      | HP: 2/45 [poisoned by Robin]
   610 | D:2      | Succumbed to Robin's poison

Illustrated notes

Levels and vault maps discovered:
D:1:      scummos_arrival_simple_crosswalls, layout_rooms
D:2:      layout_basic, first_ration, uniq_robin, uniq_natasha

Skill      XL: |  1  2  3 |
---------------+----------+-----
Polearms       | 4 |  4.4
Fighting       | |  2.9
Throwing       | |  2.0
Dodging        | |  3.0

Action                   |  1- 3 |  4- 6 || total
-------------------------+-------+-------++-------
Melee: Trident           |    77 |    10 ||    87
       Constrict         |    22 |     1 ||    23
       Tentacles         |    16 |     3 ||    19
  Use: Potion            |       |     1 ||     1
 Stab: Sleeping          |     8 |       ||     8
Armor: Skin              |     9 |       ||     9
Dodge: Dodged            |    31 |     5 ||    36
